 Dungeon Crawl Stone Soup version 0.25-a0-96-g4073cf80fb (webtiles) character file.

Game seed: 6040028697980951488, levelgen mode: deterministic

51 vurker the Magician (level 3, -4/25 HPs)
             Began as a Mummy Fire Elementalist on Nov 11, 2019.
             Killed by divine providence
             ... invoked by an orc priest
              (14 damage)
             ... on level 3 of the Dungeon.
             The game lasted 00:03:00 (1910 turns).

vurker the Magician (Mummy Fire Elementalist)       Turns: 1910, Time: 00:03:00

Health: -4/25      AC:  2    Str: 11    XL:     3   Next: 58%
Magic:  8/8        EV: 12    Int: 15    God:
Gold:   88         SH:  0    Dex: 12    Spells: 8/9 levels left

rFire    x . .     SeeInvis .   g - +0 dagger
rCold    + + .     Gourm    .   (no shield)
rNeg     + + +     Faith    .   a - +0 robe
rPois    ∞         Spirit   .   (no helmet)
rElec    .         Reflect  .   (no cloak)
rCorr    .         Harm     .   (no gloves)
MR       +....                  (no boots)
Stlth    ++........             (no amulet)
HPRegen  0.08/turn              b - ring of protection from magic
MPRegen  0.11/turn              c - ring of protection from cold

@: no status effects
A: no food or potions, fire vulnerability, cold resistance 1, negative energy
resistance 3, torment resistance, unbreathing
a: no special abilities


You were on level 3 of the Dungeon.
You were not hungry.

You visited 1 branch of the dungeon, and saw 3 of its levels.

You collected 88 gold pieces.

Inventory:

Hand Weapons
 g - a +0 dagger (weapon)
   (You found it on level 2 of the Dungeon)
Missiles
 f - 14 poisoned darts (quivered)
Armour
 a - a +0 robe (worn)
Jewellery
 b - a ring of protection from magic (left hand)
   (You found it on level 1 of the Dungeon)
 c - a ring of protection from cold (right hand)
   (You found it on level 1 of the Dungeon)
Scrolls
 d - 2 scrolls of identify
 e - a scroll of fear


   Skills:
 + Level 0.8 Fighting
 - Level 1.5 Dodging
 - Level 1.5 Stealth
 * Level 3.6 Spellcasting
 * Level 1.5 Conjurations
 * Level 2.8 Fire Magic


You had 8 spell levels left.
You knew the following spells:

 Your Spells              Type           Power        Failure   Level  Hunger
a - Flame Tongue          Conj/Fire      #....        8%          1    N/A

Your spell library contained the following spells:

 Spells                   Type           Power        Failure   Level  Hunger
 Throw Flame              Conj/Fire      #.....       12%         2    N/A
 Conjure Flame            Conj/Fire      #.......     22%         3    N/A
 Inner Flame              Hex/Fire       #.......     30%         3    N/A
 Sticky Flame             Conj/Fire      #.......     58%         4    N/A
 Fireball                 Conj/Fire      #.........   91%         5    N/A

Dungeon Overview and Level Annotations

Branches:
Dungeon (3/15)

Altars:
Nemelex Xobeh
Qazlal


Innate Abilities, Weirdness & Mutations

You do not eat or drink.
Your flesh is vulnerable to fire.
You are immune to poison.
Your flesh is cold resistant. (rC+)
You are immune to negative energy. (rN+++)
You are immune to unholy pain and torment.
You can survive without breathing.


Message History

Aim: a quokka (almost dead)
The flame tongue misses the quokka.
The quokka bites you. The quokka closely misses you.
Aim: a quokka (almost dead)
The flame tongue misses the quokka.
The quokka misses you.
Aim: a quokka (almost dead)
The flame tongue hits the quokka!
You kill the quokka!
You can't see any susceptible monsters within range! (Use Z to cast anyway.)
You can't see any susceptible monsters within range! (Use Z to cast anyway.)
A goblin comes into view.
Things that are here:
a scroll of identify; a quokka corpse You can't see any susceptible monsters within range! (Use Z to cast anyway.)
Aim: a goblin (hasn't noticed you)
The flame tongue misses the goblin.
The goblin shouts!
Aim: a goblin The flame tongue hits the goblin.
Aim: a goblin (heavily wounded)
The flame tongue hits the goblin!
You kill the goblin!
d - 2 scrolls of identify (gained 1)
You see here a quokka corpse.
You see here a goblin corpse.
f - 15 poisoned darts (gained 1)
Found a ration.
An orc priest and an orc wizard come into view.
Found a scroll of identify.
Throwing (i - inventory)
f - 15 poisoned darts (quivered)
Aim: an orc priest (resting)
You throw a poisoned dart. The poisoned dart hits the orc wizard.
The orc wizard is poisoned.
The orc wizard shouts!
The orc priest shouts!
An orc comes into view. It is wielding a +0 short sword.
The orc priest calls down the wrath of Beogh upon you.
Beogh smites you!
Ouch! That really hurt!
* * * LOW HITPOINT WARNING * * *
An orc comes into view. It is wielding a +0 club.
The orc wizard mumbles some strange words.
The orc wizard flickers and vanishes!
Deactivating autopickup; reactivate with Ctrl-A.
The orc shouts!
You hear a shout!
You hear a shout!
You see here a goblin corpse.
The orc priest invokes the aid of Beogh against you.
Beogh smites you!
Ouch! That really hurt!
You die...

.###### #.#
#############.......# #.#
.............##.....###.#
######...............%...
## #......?##...[.
#..###o..## #..####.# ...
#....o{o... #..# #.# #.#
##.###.(.## ....#
#.####.#####o# ## ####.#
#<..)@.†.....# #.#
######.####### #.# #.#
..# #.. ####


You could see an orc priest.

Vanquished Creatures
  3 oozes
  A worm (D:2)
  2 dart slugs
  4 bats
  A giant cockroach (D:1)
  3 goblins
  2 hobgoblins (D:2)
  3 jackals (D:2)
  2 quokkas
  3 frilled lizards (D:1)
  5 kobolds
  3 rats
32 creatures vanquished.

Notes
Turn   | Place    | Note
-------+----------+-------------------------------------------
     0 | D:1      | vurker the Mummy Fire Elementalist began the quest for the
                  | Orb.
     0 | D:1      | Reached XP level 1. HP: 13/13 MP: 4/4
    15 | D:1      | Reached skill level 1 in Conjurations
   213 | D:1      | Reached skill level 3 in Spellcasting
   213 | D:1      | Reached XP level 2. HP: 10/20 MP: 0/6
   882 | D:2      | Found a faded altar of an unknown god.
   962 | D:2      | Reached XP level 3. HP: 16/25 MP: 0/7
  1304 | D:2      | Found a sparkling altar of Nemelex Xobeh.
  1331 | D:2      | Noticed a fire elemental
  1333 | D:2      | Found a stormy altar of Qazlal.
  1334 | D:2      | Noticed an air elemental
  1334 | D:2      | Noticed a water elemental
  1334 | D:2      | Noticed an earth elemental
  1910 | D:3      | Killed from afar by an orc priest

Levels and vault maps discovered:
D:1:      co_arrival_random_square_maze, layout_rooms
D:2:      layout_basic, nemelex_altar_shiori, nicolae_qazlal_style_of_elements,
          chequers_ecumenical_altar_island, minmay_misc_feat_encased,
          minivault_4
D:3:      layout_loops_ring, okawaru_metal_pillars_1_2

Skill      XL: |  1 |
---------------+----+-----
Conjurations   | 1 |  1.5
Spellcasting   | 3 |  3.6
Fighting       | |  0.8
Dodging        | |  1.5
Stealth        | |  1.5
Fire Magic     | |  2.8

Action                   || total
-------------------------++-------
Melee: Unarmed           ||    14
Throw: Dart              ||     2
 Cast: Flame Tongue      ||    61
  Use: Scroll            ||     3
Armor: Robe              ||     6
Dodge: Dodged            ||    28

Table legend:
 A = Non-vault XP
 B = Vault XP
 C = Vault XP percentage of total XP
 D = Non-vault monster count
 E = Vault monster count
 F = Vault count percentage of total count
                 A         B        C        D         E       F
            +---------+---------+-------+---------+---------+-------
      Total |      74 |       0 |   0.0 |      32 |       0 |   0.0
            +---------+---------+-------+---------+---------+-------
        D:1 |      34 |       0 |   0.0 |      15 |       0 |   0.0
        D:2 |      34 |       0 |   0.0 |      14 |       0 |   0.0
        D:3 |       6 |       0 |   0.0 |       3 |       0 |   0.0
            +---------+---------+-------+---------+---------+-------
